 Dungeon Crawl Stone Soup version 0.23-a0-241-g3b46b07 (webtiles) character file.

394 Gildeon the Grave Robber (level 6, -1/44 HPs)
             Began as a Mummy Necromancer on Sept 27, 2018.
             Killed from afar by an orc wizard (5 damage)
             ... with a magic dart
             ... on level 4 of the Dungeon.
             The game lasted 00:26:56 (3761 turns).

Gildeon the Grave Robber (Mummy Necromancer)        Turns: 3761, Time: 00:26:57

Health: -1/44      AC:  3    Str: 12    XL:     6   Next: 51%
Magic:  1/10       EV: 13    Int: 15    God:
Gold:   173        SH:  0    Dex: 13    Spells: 2/11 levels left

rFire    . . .     SeeInvis .   c - +0 whip
rCold    + . .     Gourm    .   (no shield)
rNeg     + + +     Faith    .   a - +0 robe
rPois    ∞         Spirit   .   (no helmet)
rElec    .         Reflect  .   (no cloak)
rCorr    .         Harm     .   (no gloves)
MR       .....                  b - +0 pair of boots
Stlth    ++........             (no amulet)
HPRegen  0.14/turn              i - ring of protection from fire
MPRegen  0.12/turn              (no ring)

@: very slightly contaminated
A: no food or potions, fire vulnerability, cold resistance 1, negative energy
resistance 3, torment resistance, unbreathing
a: no special abilities


You were on level 4 of the Dungeon.
You were not hungry.

You visited 1 branch of the dungeon, and saw 4 of its levels.

You collected 173 gold pieces.

Inventory:

Hand Weapons
 c - a +0 whip (weapon)
Armour
 a - a +0 robe (worn)
 b - a +0 pair of boots (worn)
Jewellery
 i - a ring of protection from fire (left hand)
Scrolls
 d - 3 scrolls of teleportation
 e - 3 scrolls of remove curse
 f - a scroll of enchant weapon
 g - a scroll of magic mapping {unknown}
 h - a scroll of enchant armour


   Skills:
 - Level 2.0 Fighting
 + Level 1.4 Maces & Flails
 - Level 1.0 Armour
 + Level 3.5 Dodging
 - Level 1.5 Stealth
 - Level 3.1 Spellcasting
 + Level 5.6 Necromancy


You had 2 spell levels left.
You knew the following spells:

 Your Spells              Type           Power        Failure   Level  Hunger
a - Pain                  Necr           ###.         1%          1    N/A
b - Vampiric Draining     Necr           ###.......   6%          3    N/A
c - Animate Skeleton      Necr           N/A          1%          1    N/A
d - Animate Dead          Necr           N/A          19%         4    N/A

Your spell library contained the following spells:

 Spells                   Type           Power        Failure   Level  Hunger
 Regeneration             Chrm/Necr      Unusable     N/A         3    N/A

Dungeon Overview and Level Annotations

Branches:
Dungeon (4/15)
 Temple: D:4-7

Altars:
Uskayaw


Innate Abilities, Weirdness & Mutations

You do not eat or drink.
Your flesh is vulnerable to fire.
You are immune to poison.
Your flesh is cold resistant. (rC+)
You are immune to negative energy. (rN+++)
You are immune to unholy pain and torment.
You can survive without breathing.


Message History

The orc wizard is lightly wounded.
The orc wizard hits you with a dagger.
Casting: Pain (safe; 1% risk of failure)
Confirm with . or Enter, or press ? or * to list all spells.
Aiming: Pain (safe; 1% risk of failure)
Press: ? - help, Shift-Dir - straight line, f/p - orc wizard
Aim: an orc wizard, wielding a dagger and wearing a robe (lightly wounded, The orc wizard barely resists.
The orc wizard hits you with a dagger. x2
You hit the orc wizard.
The orc wizard is heavily wounded.
The orc wizard hits you with a dagger.
* * * LOW HITPOINT WARNING * * *
The orc wizard misses you.
The orc wizard miscasts a cantrip.
The orc wizard casts a spell at you. The magic dart hits you!
* * * LOW HITPOINT WARNING * * *
The orc wizard points at you and mumbles some strange words.
The magic dart hits you!
You die...

.....# ...o.#
.....# .o...#
#######.....##
#...oo.....>..
###.###).(..##
#.# .....# #@#
####.#
#.###### ..
#......# #
######.# #)#
#.# ########
#.####.......
#............
######.......


You could see an orc wizard.

Vanquished Creatures
  A howler monkey (D:4)
  An orc priest (D:4)
  3 orc wizards (D:4)
  A bullfrog skeleton (D:4)
  An iguana (D:3)
  2 worker ants (D:4)
  4 adders (D:2)
  A worm (D:2)
  2 leopard geckos (D:2)
  10 orcs
  5 bats
  4 giant cockroaches
  7 goblins
  3 hobgoblins
  8 jackals
  3 kobolds
  2 quokkas (D:4)
  2 ball pythons
  3 frilled lizards
  3 rats
66 creatures vanquished.

Vanquished Creatures (collateral kills)
  A centaur skeleton (D:4)
  An adder (D:2)
  A goblin (D:1)
  3 jackals
  A frilled lizard (D:4)
7 creatures vanquished.

Grand Total: 73 creatures vanquished

Notes
Turn   | Place    | Note
-------+----------+-------------------------------------------
     0 | D:1      | Gildeon the Mummy Necromancer began the quest for the Orb.
     0 | D:1      | Reached XP level 1. HP: 13/13 MP: 4/4
     2 | D:1      | Learned a level 1 spell: Animate Skeleton
   361 | D:1      | Reached XP level 2. HP: 16/19 MP: 0/6
   919 | D:2      | Reached XP level 3. HP: 16/25 MP: 0/7
   927 | D:2      | Learned a level 3 spell: Vampiric Draining
  1068 | D:2      | Reached skill level 1 in Fighting
  1332 | D:2      | Reached XP level 4. HP: 29/32 MP: 4/8
  1341 | D:2      | Learned a level 4 spell: Animate Dead
  1373 | D:2      | Found a hide-covered altar of Uskayaw.
  1811 | D:3      | Reached skill level 1 in Maces & Flails
  2498 | D:4      | Reached skill level 5 in Necromancy
  2498 | D:4      | Reached XP level 5. HP: 14/37 MP: 9/9
  2913 | D:4      | Reached skill level 1 in Armour
  3110 | D:4      | Reached XP level 6. HP: 21/44 MP: 6/10
  3761 | D:4      | Killed from afar by an orc wizard

Vault maps used:
D:1:      zelgadis_glass_arrival_small, minmay_door_square
D:2:      marbit_many_paths, kennysheep_cluttered_room
D:4:      serial_shops, nicolae_shop_behind_doors, first_ration

Skill      XL: |  1  2  3  4  5  6 |
---------------+-------------------+-----
Spellcasting   | 3 |  3.1
Dodging        | 2 3 |  3.5
Fighting       | 1 2 |  2.0
Maces & Flails | 1 |  1.4
Necromancy     | 5 |  5.6
Armour         | 1 |  1.0
Stealth        | |  1.5

Action                   |  1- 3 |  4- 6 || total
-------------------------+-------+-------++-------
Melee: Whip              |    15 |    68 ||    83
 Cast: Pain              |    62 |    91 ||   153
       Animate Skeleton  |    10 |    14 ||    24
       Vampiric Draining |       |     1 ||     1
  Use: Scroll            |       |     5 ||     5
Armor: Robe              |    10 |    24 ||    34
Dodge: Dodged            |    27 |    83 ||   110

Table legend:
 A = Non-vault XP
 B = Vault XP
 C = Vault XP percentage of total XP
 D = Non-vault monster count
 E = Vault monster count
 F = Vault count percentage of total count
                 A         B        C        D         E       F
            +---------+---------+-------+---------+---------+-------
      Total |     561 |       2 |   0.4 |      72 |       1 |   1.4
            +---------+---------+-------+---------+---------+-------
        D:1 |      30 |       0 |   0.0 |      18 |       0 |   0.0
        D:2 |     110 |       2 |   1.8 |      28 |       1 |   3.4
        D:3 |      40 |       0 |   0.0 |       3 |       0 |   0.0
        D:4 |     381 |       0 |   0.0 |      23 |       0 |   0.0
            +---------+---------+-------+---------+---------+-------
